 Dungeon Crawl Stone Soup version 0.26.1-10-gdfb7c7de75 (webtiles) character file.

Game seed: 1069963296510098175

51 Phaedo the Sneak (level 3, -7/26 HPs)
             Began as an Octopode Delver on Apr 7, 2021.
             Mangled by an ice beast (14 damage)
             ... on level 2 of the Dungeon.
             The game lasted 00:03:31 (1459 turns).

Phaedo the Sneak (Octopode Delver)                  Turns: 1459, Time: 00:03:32

Health: -7/26      AC:  1    Str: 11    XL:     3   Next: 83%
Magic:  3/3        EV: 14    Int: 13    God:
Gold:   129        SH:  0    Dex: 13    Spells: 2/2 levels left

rFire    . . .     SeeInvis .   a - +0 spear
rCold    . . .     Faith    .   (no shield)
rNeg     . . .     Spirit   .   (helmet restricted)
rPois    .         Reflect  .   (no amulet)
rElec    .         Harm     .   (no ring)
rCorr    .         Rampage  .   (no ring)
Will     .....                  (no ring)
Stlth    ++++......             (no ring)
HPRegen  0.08/turn              (no ring)
MPRegen  0.08/turn              (no ring)
                                (no ring)
                                (no ring)

@: hasted, very quick
A: almost no armour, stealthy swim, amphibious, 8 rings, constrict 8, camouflage
1, gelatinous body 1
a: no special abilities


You were on level 2 of the Dungeon.
You visited 1 branch of the dungeon, and saw 5 of its levels.

You collected 129 gold pieces.

Inventory:

Hand Weapons
 a - a +0 spear (weapon)
Missiles
 g - 53 stones
 i - 20 poisoned darts (quivered)
 j - 26 bolts
Wands
 f - a wand of digging (3)
Scrolls
 b - a scroll of fog
 c - 2 scrolls of magic mapping
 d - a scroll of fear
 h - 2 scrolls of enchant weapon {unknown}
 k - a scroll of identify {unknown}
 l - a scroll of enchant armour {unknown}
Potions
 e - a potion of haste
 m - a potion of curing


   Skills:
 - Level 3.0 Fighting
 + Level 2.8 Polearms
 + Level 2.8 Dodging
 + Level 7.2 Stealth


You had 2 spell levels left.
You didn't know any spells.
Your spell library was empty.

Dungeon Overview and Level Annotations

Branches:
Dungeon (5/15)
 Temple: D:4-7

Altars:


Innate Abilities, Weirdness & Mutations

You cannot wear most types of armour.
You are very stealthy in the water. (Stealth+)
You are amphibious.
You can wear up to eight rings at the same time.
You can use your tentacles to constrict eight enemies at once.
Your skin changes colour to match your surroundings (Stealth+).
Your rubbery body absorbs attacks. (AC +1, EV +1)


Message History

The ice beast hits you but does no damage.
Unknown command.
Throw: 21 darts (poison)
Press: ? - help, Q - select action, (/) - cycle Shift-Dir - straight line, f/p - ice beast
Aim: an ice beast (poisoned, 57% to hit)
You throw a poisoned dart. The poisoned dart hits the ice beast.
The ice beast looks even sicker.
The ice beast hits you. The ice beast freezes you!
You hit the ice beast but do no damage.
The ice beast is lightly wounded.
You hit the ice beast.
The ice beast is lightly wounded.
The ice beast hits you. The ice beast freezes you.
You hit the ice beast but do no damage.
The ice beast is lightly wounded.
The ice beast hits you.
* * * LOW HITPOINT WARNING * * *
The ice beast freezes you!
Ouch! That really hurt!
You die...

#####....#.###..........#
#....#.##...##........
##...#.##.### .#......
##..#.##.#. ###.#..
#..#.##.. .# #..#.# .#
##.#.##.# ###.#..#
#.#.Y@.# #.....## #(.?.##
#((((...## #####.#..
...#..# ....#### #####


You could see an ice beast (very poisoned).

Vanquished Creatures
  An adder (D:2)
  An orc (D:2)
  A ball python (D:1)
  A giant cockroach (D:1)
  8 goblins (D:1)
  5 hobgoblins
  2 jackals (D:1)
  7 bats
  2 frilled lizards
  7 kobolds
  3 rats (D:1)
38 creatures vanquished.

Notes
Turn   | Place    | Note
-------+----------+-------------------------------------------
     0 | D:5      | Phaedo the Octopode Delver began the quest for the Orb.
     0 | D:5      | Reached XP level 1. HP: 16/16 MP: 1/1
    86 | D:2      | Noticed Terence
   165 | D:1      | Reached XP level 2. HP: 21/21 MP: 2/2
   710 | D:1      | Reached skill level 7 in Stealth
   716 | D:1      | Reached XP level 3. HP: 17/26 MP: 3/3
  1447 | D:2      | Noticed an ice beast
  1459 | D:2      | Mangled by an ice beast

Illustrated notes

Levels and vault maps discovered:
D:1:      evilmike_arrival_crescent, layout_basic
D:2:      minmay_evil_eye, layout_rooms, general_overflow_altar, uniq_robin,
          uniq_terence
D:3:      layout_loops_corners, kennysheep_boxes
D:4:      layout_loops_ring, gammafunk_temple_overflow_elements, serial_shops,
          nicolae_shop_crystal, minmay_misc_feat_hallway
D:5:      layout_basic, grunt_temple_overflow_forces_of_nature,
          minmay_temple_entry_statues_pillars, chequers_serial_rivers_marsh

Skill      XL: |  1  2 |
---------------+-------+-----
Stealth        | 7 |  7.2
Fighting       | |  3.0
Polearms       | |  2.8
Dodging        | |  2.8

Action                   || total
-------------------------++-------
Melee: Spear             ||    85
       Tentacles         ||     8
       Constrict         ||    13
Throw: Stone             ||     8
       Dart              ||    13
  Use: Potion            ||     1
 Stab: Sleeping          ||    14
Armor: Skin              ||     4
Dodge: Dodged            ||    34
